 Dungeon Crawl Stone Soup version 0.25-a0-631-gc915619fb7 (webtiles) character file.

Game seed: 18357158636416469605, levelgen mode: deterministic

2833 Amnesiac the Quickloader (level 9, -17/41 HPs)
             Began as a Spriggan Hunter on Mar 18, 2020.
             Was a Priest of Okawaru.
             Killed from afar by Erica (32 damage)
             ... with a bolt of poison
             ... on level 8 of the Dungeon.
             The game lasted 00:14:04 (8472 turns).

Amnesiac the Quickloader (Spriggan Hunter)          Turns: 8472, Time: 00:14:04

Health: -17/41     AC:  4    Str: 13    XL:     9   Next: 45%
Magic:  15/15      EV: 23    Int: 13    God:    Okawaru [***...]
Gold:   208        SH:  0    Dex: 16    Spells: 8/8 levels left

rFire    . . .     SeeInvis +   a - +1 hand crossbow
rCold    . . .     Gourm    .   (shield restricted)
rNeg     . . .     Faith    .   A - +2 robe {MR+}
rPois    .         Spirit   .   (helmet restricted)
rElec    .         Reflect  .   (no cloak)
rCorr    .         Harm     .   (gloves unavailable)
MR       ++...                  (boots unavailable)
Stlth    ++........             (no amulet)
HPRegen  0.13/turn              y - +2 ring of strength
MPRegen  0.14/turn              D - ring of flight

@: lethally poisoned (-17 -> -43), very quick
A: very small, unfitting armour, see invisible, herbivore, speed 3, slow
metabolism 2
a: Heroism, Renounce Religion, Evoke Flight


You were on level 8 of the Dungeon.
You worshipped Okawaru.
Okawaru was most pleased with you.
You were full.

You visited 1 branch of the dungeon, and saw 8 of its levels.

You collected 334 gold pieces.
You spent 126 gold pieces at shops.

Inventory:

Hand Weapons
 a - a +1 hand crossbow (weapon)
 b - a +0 long sword
 w - a +0 short sword
Missiles
 d - 3 bolts (quivered)
 m - 13 poisoned darts
Armour
 A - a +2 robe of magic resistance (worn)
Jewellery
 y - a +2 ring of strength (left hand)
 D - a ring of flight (right hand)
Wands
 E - a wand of flame (7)
Scrolls
 h - a scroll of enchant armour {!r}
 l - 4 scrolls of teleportation {!r}
 o - 2 scrolls of amnesia {!r}
 r - 5 scrolls of remove curse {!r}
 s - a scroll of enchant weapon {!r}
 C - a scroll of magic mapping {!r}
 F - a scroll of fear {!r}
Potions
 c - a potion of mutation {!q, unknown}
 e - a potion of might {!q, unknown}
 g - 3 potions of haste {!q, unknown}
 i - a potion of brilliance {!q, unknown}
 n - 2 potions of ambrosia {!q, unknown}
 q - a potion of degeneration {!q, unknown}
 t - a potion of resistance {!q}
 v - a potion of heal wounds {!q}
 x - 2 potions of stabbing {!q, unknown}
 z - 2 potions of invisibility {!q}
 B - 6 potions of curing {!q, unknown}
Comestibles
 f - 6 rations


   Skills:
 - Level 1.5 Fighting
 - Level 10.1 Crossbows
 - Level 8.0 Dodging
 - Level 1.5 Stealth
 + Level 7.6 Invocations


You had 8 spell levels left.
You didn't know any spells.
Your spell library contained the following spells:

 Spells                   Type           Power        Failure   Level  Hunger
 Summon Small Mammal      Summ           #...         30%         1    ##.....
 Call Imp                 Summ           #.......     43%         2    ###....
 Call Canine Familiar     Summ           #.......     67%         3    ####...
 Summon Guardian Golem    Hex/Summ       #.......     67%         3    ####...
 Summon Ice Beast         Ice/Summ       #.......     97%         4    #####..
 Summon Lightning Spire   Summ/Air       #.......     97%         4    #####..


Dungeon Overview and Level Annotations

Branches:
Dungeon (8/15)             Temple (0/1) D:4
   Lair: D:8-11

Altars:
Elyvilon
Fedhas
Kikubaaqudgha
Okawaru
Sif Muna
Trog
Wu Jian
Zin
The Shining One

Shops:
D:6 ?

Annotations:
D:8 Erica


Innate Abilities, Weirdness & Mutations

You are very small and have problems with some larger weapons.
You are too small for most types of armour.
You have supernaturally acute eyesight. (SInv)
You are a herbivore.
You cover ground extremely quickly.
You need to consume almost no food.


Message History

Firing (i - inventory. (/) - cycle)
d - 14 bolts (quivered)
Press: ? - help, Shift-Dir - straight line, f/p - Erica
Aim: Erica, wielding a +0 scimitar of flaming and wearing a +2 robe of positive energy (lightly wounded, slightly transparent)
You shoot a bolt. The bolt barely misses Erica.
Firing (i - inventory. (/) - cycle)
d - 13 bolts (quivered)
Press: ? - help, Shift-Dir - straight line, f/p - Erica
Aim: Erica, wielding a +0 scimitar of flaming and wearing a +2 robe of positive energy (lightly wounded, slightly transparent)
You shoot a bolt. The bolt closely misses Erica.
Firing (i - inventory. (/) - cycle)
d - 12 bolts (quivered)
Press: ? - help, Shift-Dir - straight line, f/p - Erica
Aim: Erica, wielding a +0 scimitar of flaming and wearing a +2 robe of positive energy (lightly wounded, slightly transparent)
You shoot a bolt. The bolt hits Erica!
Erica is moderately wounded.
Firing (i - inventory. (/) - cycle)
d - 11 bolts (quivered)
Press: ? - help, Shift-Dir - straight line, f/p - Erica
Aim: Erica, wielding a +0 scimitar of flaming and wearing a +2 robe of positive energy (moderately wounded, slightly transparent)
You shoot a bolt. The bolt hits Erica.
Erica is moderately wounded.
Firing (i - inventory. (/) - cycle)
d - 10 bolts (quivered)
Press: ? - help, Shift-Dir - straight line, f/p - Erica
Aim: Erica, wielding a +0 scimitar of flaming and wearing a +2 robe of positive energy (moderately wounded, slightly transparent)
You shoot a bolt. The bolt closely misses Erica.
You see here a scroll of random uselessness {!r}.
Firing (i - inventory. (/) - cycle)
d - 9 bolts (quivered)
Press: ? - help, Shift-Dir - straight line, f/p - Erica
Aim: Erica, wielding a +0 scimitar of flaming and wearing a +2 robe of positive energy (moderately wounded, slightly transparent)
You shoot a bolt. The bolt hits Erica.
Erica is moderately wounded.
Firing (i - inventory. (/) - cycle)
d - 8 bolts (quivered)
Press: ? - help, Shift-Dir - straight line, f/p - Erica
Aim: Erica, wielding a +0 scimitar of flaming and wearing a +2 robe of positive energy (moderately wounded, slightly transparent)
You shoot a bolt. The bolt hits Erica.
Erica is moderately wounded.
Erica casts a spell at you. You resist with almost no effort.
Firing (i - inventory. (/) - cycle)
d - 7 bolts (quivered)
Press: ? - help, Shift-Dir - straight line, f/p - Erica
Aim: Erica, wielding a +0 scimitar of flaming and wearing a +2 robe of positive energy (moderately wounded, slightly transparent)
You shoot a bolt. The bolt barely misses Erica.
You start waiting.
Erica is too close now for your liking.
Firing (i - inventory. (/) - cycle)
d - 6 bolts (quivered)
Press: ? - help, Shift-Dir - straight line, f/p - Erica
Aim: Erica, wielding a +0 scimitar of flaming and wearing a +2 robe of positive energy (moderately wounded, slightly transparent)
You shoot a bolt. The bolt hits Erica!
Erica is heavily wounded.
Firing (i - inventory. (/) - cycle)
d - 5 bolts (quivered)
Press: ? - help, Shift-Dir - straight line, f/p - Erica
Aim: Erica, wielding a +0 scimitar of flaming and wearing a +2 robe of positive energy (heavily wounded, slightly transparent)
You shoot a bolt. The bolt hits Erica!
Erica is severely wounded.
Erica gestures at you while chanting. The bolt of poison hits you!!
You are poisoned.
Ouch! That really hurt!
* * * LOW HITPOINT WARNING * * *
Firing (i - inventory. (/) - cycle)
d - 4 bolts (quivered)
Press: ? - help, Shift-Dir - straight line, f/p - Erica
Aim: Erica, wielding a +0 scimitar of flaming and wearing a +2 robe of positive energy (severely wounded, slightly transparent)
You shoot a bolt. The bolt barely misses Erica.
You feel sick. Erica gestures at you while chanting.
The bolt of poison hits you!!
You are lethally poisoned!
Ouch! That really hurt!
You die...

# ###........# #.#
# #.....>?(#####.#
# #.......(......#
## #.....###@####.#
.## #.....#
#.####.# #.##
#.....# #.#....#
##.# #######
#.#.##.# #.##
#.#.##.# .##
#.@....# ..#####
###.####
#.....######### #.#
..###....)....###.#
### #########.....#
#######


You could see Erica (invisible).

Vanquished Creatures
  Sigmund (D:5)
  A hungry ghost (D:8)
  Edmund (D:5)
  An orc warrior (D:7)
  A sky beast (D:8)
  2 phantoms
  An ice beast (D:7)
  6 ogres
  A necrophage (D:7)
  4 centaurs (D:7)
  A bullfrog (D:6)
  2 scorpions
  2 howler monkeys
  A crimson imp (D:7)
  2 hounds
  A quasit (D:8)
  4 orc priests
  2 jellies
  Terence (D:2)
  4 orc wizards
  4 worker ants
  4 gnolls (D:4)
  10 adders
  A shadow imp (D:6)
  2 oozes
  An adder skeleton (D:6)
  3 worms
  2 dart slugs (D:1)
  3 leopard geckos
  24 orcs
  8 bats
  7 giant cockroaches
  12 hobgoblins
  15 jackals
  6 kobolds
  2 quokkas (D:4)
  4 ball pythons
  6 frilled lizards
  A goblin (D:1)
  A leopard gecko zombie (D:7)
  12 rats
167 creatures vanquished.

Notes
Turn   | Place    | Note
-------+----------+-------------------------------------------
     0 | D:1      | Amnesiac the Spriggan Hunter began the quest for the Orb.
     0 | D:1      | Reached XP level 1. HP: 10/10 MP: 2/2
    79 | D:1      | Reached XP level 2. HP: 12/14 MP: 3/3
   585 | D:1      | Reached skill level 5 in Crossbows
   597 | D:1      | Reached XP level 3. HP: 8/18 MP: 4/4
  1107 | D:2      | Noticed Terence
  1158 | D:2      | Killed Terence
  1279 | D:2      | Reached XP level 4. HP: 10/22 MP: 5/5
  1496 | D:2      | Found a glowing golden altar of the Shining One.
  1812 | D:2      | Found a blossoming altar of Fedhas.
  1875 | D:2      | Found a faded altar of an unknown god.
  1875 | D:2      | Found an ornate altar of the Wu Jian Council.
  1881 | D:2      | Found an iron altar of Okawaru.
  1883 | D:2      | Found a bloodstained altar of Trog.
  1885 | D:2      | Found a faded altar of an unknown god.
  2096 | D:2      | Became a worshipper of Warmaster Okawaru
  2383 | D:3      | Reached skill level 6 in Crossbows
  2523 | D:3      | Reached XP level 5. HP: 22/25 MP: 6/6
  3401 | D:4      | Reached skill level 7 in Crossbows
  3438 | D:4      | Reached skill level 1 in Invocations
  3712 | D:4      | Reached XP level 6. HP: 19/30 MP: 7/7
  3943 | D:4      | You fall into a shaft and drop 1 floor!
  3943 | D:5      | Entered Level 5 of the Dungeon
  3962 | D:5      | Noticed Sigmund
  3991 | D:5      | Killed Sigmund
  4022 | D:5      | Reached * piety under Okawaru
  4062 | D:5      | Noticed Edmund
  4112 | D:5      | Killed Edmund
  4112 | D:5      | Reached skill level 8 in Crossbows
  4112 | D:5      | Reached XP level 7. HP: 33/33 MP: 8/10
  4692 | D:4      | Found a staircase to the Ecumenical Temple.
  5284 | D:5      | Reached skill level 9 in Crossbows
  5760 | D:5      | Reached XP level 8. HP: 33/37 MP: 12/12
  5917 | D:6      | Found a glowing silver altar of Zin.
  5977 | D:6      | Found Vetepp's Magic Scroll Shop.
  5984 | D:6      | Bought a scroll of teleportation for 33 gold pieces
  5984 | D:6      | Bought a scroll of identify for 22 gold pieces
  5984 | D:6      | Bought a scroll of magic mapping for 38 gold pieces
  5984 | D:6      | Bought a scroll of remove curse for 33 gold pieces
  6324 | D:6      | Reached ** piety under Okawaru
  6386 | D:6      | Found a shimmering blue altar of Sif Muna.
  6859 | D:7      | Reached skill level 10 in Crossbows
  6859 | D:7      | Reached skill level 5 in Invocations
  7100 | D:7      | Reached skill level 5 in Dodging
  7290 | D:7      | Found an ancient bone altar of Kikubaaqudgha.
  7375 | D:7      | Reached *** piety under Okawaru
  7375 | D:7      | Reached XP level 9. HP: 21/41 MP: 14/14
  7934 | D:8      | Noticed Erica
  8243 | D:8      | Found a white marble altar of Elyvilon.
  8472 | D:8      | Killed from afar by Erica

Levels and vault maps discovered:
D:1:      lemuel_arrival_broad_hall, layout_rooms
D:2:      layout_loops_ring, fedhas_altar_3, overflow_temple_1_default,
          chequers_temple_overflow_minitemple, uniq_terence
D:3:      layout_basic
D:4:      layout_basic, minmay_temple_entry_offerings
D:5:      layout_gridville, first_ration, uniq_edmund, uniq_sigmund
D:6:      minmay_general_purpose_star, layout_cave_pods, lemuel_blue_sif_altar,
          serial_shops, shop, basic_altar
D:7:      layout_loops_cross, nicolae_overflow_hidden_temple
D:8:      layout_loops_cross, lemuel_mausoleum_altar_yredelemnul,
          evilmike_ruin_ashenzari, basic_altar, uniq_erica

Skill      XL: |  1  2  3  4  5  6  7  8  9 |
---------------+----------------------------+-----
Crossbows      | 5 6 7 8 9 10 | 10.1
Invocations    | 1 2 4 5 7 |  7.6
Dodging        | 6 8 |  8.0
Fighting       | |  1.5
Stealth        | |  1.5

Action                   |  1- 3 |  4- 6 |  7- 9 || total
-------------------------+-------+-------+-------++-------
Melee: Short sword       |   100 |    40 |       ||   140
       Long sword        |       |    44 |   114 ||   158
 Fire: Hand crossbow     |    20 |   117 |   240 ||   377
Throw: Dart              |    50 |    23 |    42 ||   115
  Use: Scroll            |       |       |    11 ||    11
 Stab: Sleeping          |     2 |     2 |       ||     4
       Distracted        |       |     1 |       ||     1
  Eat: Ration            |       |       |     5 ||     5
Armor: Robe              |    14 |     6 |    15 ||    35
Dodge: Dodged            |   144 |   119 |   193 ||   456
       Rpst.: Long sword |       |     6 |    44 ||    50

Table legend:
 A = Non-vault XP
 B = Vault XP
 C = Vault XP percentage of total XP
 D = Non-vault monster count
 E = Vault monster count
 F = Vault count percentage of total count
                 A         B        C        D         E       F
            +---------+---------+-------+---------+---------+-------
      Total |    3619 |     429 |  10.6 |     163 |       4 |   2.4
            +---------+---------+-------+---------+---------+-------
        D:1 |      52 |       0 |   0.0 |      31 |       0 |   0.0
        D:2 |      48 |      36 |  42.9 |      19 |       1 |   5.0
        D:3 |     128 |       0 |   0.0 |      22 |       0 |   0.0
        D:4 |     284 |       0 |   0.0 |      32 |       0 |   0.0
        D:5 |     580 |     380 |  39.6 |      15 |       2 |  11.8
        D:6 |     505 |      13 |   2.5 |      10 |       1 |   9.1
        D:7 |    1341 |       0 |   0.0 |      20 |       0 |   0.0
        D:8 |     681 |       0 |   0.0 |      14 |       0 |   0.0
            +---------+---------+-------+---------+---------+-------
